 Dungeon Crawl Stone Soup version 0.21-a0-401-g0b6bec4 (webtiles) character file.

85 grizmgrazm2 the Insei (level 4, -2/33 HPs)
             Began as a Barachi Transmuter on Oct 21, 2017.
             Slain by Grinder (4 damage)
             ... while paralysed by Grinder
             ... on level 3 of the Dungeon.
             The game lasted 00:06:19 (1952 turns).

grizmgrazm2 the Insei (Barachi Transmuter)          Turns: 1952, Time: 00:06:20

Health: -2/33      AC:  2    Str: 11    XL:     4   Next: 48%
Magic:  8/8        EV:  2    Int: 14    God:
Gold:   60         SH:  0    Dex: 13    Spells: 4/9 levels left

rFire    . . .     SeeInvis .     - Unarmed
rCold    . . .     Gourm    .   (no shield)
rNeg     . . .     Faith    .   b - +0 robe
rPois    .         Spirit   .   (no helmet)
rElec    .         Reflect  .   (no cloak)
rCorr    .         Harm     .   (no gloves)
MR       .....                  (no boots)
Stlth    +.........             (no amulet)
HPRegen  0.11/turn              (no ring)
MPRegen  0.11/turn              (no ring)

@: paralysed, lethally poisoned (-2 -> -6), slow
A: +LOS, swims, slowness 1, strong legs 1
a: Hop


You were on level 3 of the Dungeon.
You were not hungry.

You visited 1 branch of the dungeon, and saw 3 of its levels.

You collected 60 gold pieces.

Inventory:

Missiles
 a - 57 arrows
Armour
 b - a +0 robe (worn)
 d - a +2 shield
Jewellery
 k - a cursed ring of loudness {unknown}
 n - a cursed ring of loudness {unknown}
Scrolls
 g - 2 scrolls of teleportation
 j - a scroll of fog
Potions
 p - a potion of haste {unknown}
Books
 c - a book of Changes

   Spells                             Type                      Level
   a - Beastly Appendage              Transmutation                1
   b - Sticks to Snakes               Transmutation                2
   c - Spider Form                    Transmutation/Poison         3
   d - Ice Form                       Ice/Transmutation            4
   e - Blade Hands                    Transmutation                5
Comestibles
 f - a meat ration
 h - 2 royal jellies


   Skills:
 + Level 2.0 Fighting
 + Level 2.8 Dodging
 + Level 4.0 Unarmed Combat
 + Level 3.0 Spellcasting
 + Level 2.9 Transmutations


You had 4 spell levels left.
You knew the following spells:

 Your Spells              Type           Power        Failure   Level  Hunger
a - Beastly Appendage     Tmut           ##....       6%          1    #......
b - Ice Form              Ice/Tmut       #.......     75%         4    #####..


Dungeon Overview and Level Annotations

Branches:
Dungeon (3/15)

Altars:
Hepliaklqana

Annotations:
D:2 Sigmund
D:3 Grinder


Innate Abilities, Weirdness & Mutations

Shadows flee at your approach. (+LOS)
You can swim through water.
You cover ground slowly.
You can hop short distances.


Message History

You cannot move.
You feel sick.
You hit the kobold.
You kill the kobold!
Grinder zaps a wand.
You resist with some effort.
You feel sick.
Grinder zaps a wand.
You feel sick.
Grinder zaps a wand.
You hit Grinder.
Grinder is lightly wounded.
You feel sick. Grinder hits you but does no damage.
You hit Grinder.
Grinder is lightly wounded.
You feel less wooden.
Your +0 robe unmelds from your body.
Grinder gestures at you.
You suddenly lose the ability to move!
The phantom blinks!
You feel sick. Grinder hits you!
* * * LOW HITPOINT WARNING * * *
You writhe in agony.
You die...

*,,,.....###....,* #..
*,,,..........#*** #.#
*,,*###.##*#..########### #.#
*,,##.....##.(..........# #.#
*,,#.......#.##########.###.#
**,#.....(.#(# #.....#.#
*,...._...(§# #.#.#.#.#
*,#......†#5# #.#......
*,#.......#@# #)###.#>#
*,##.....##$#******#.....#.#
*,*###.##*#W.,,,,,>#######..
*,,,...,,,...#****,* ###
***..#*,*,#### *,* ##.,,,,,*
*,* #***,**********,* *,*
*,,,,,,,,* *,* *,********


You could see Grinder and a phantom.

Vanquished Creatures
  3 adders
  An ooze (D:1)
  A worm (D:2)
  2 dart slugs
  5 orcs (D:3)
  5 bats
  3 giant cockroaches
  9 hobgoblins
  3 jackals (D:1)
  3 goblins (D:3)
  2 kobolds
  4 rats
41 creatures vanquished.

Notes
Turn   | Place    | Note
-------+----------+-------------------------------------------
     0 | D:1      | grizmgrazm2 the Barachi Transmuter began the quest for the Orb.
     0 | D:1      | Reached XP level 1. HP: 15/15 MP: 3/3
    85 | D:1      | Reached XP level 2. HP: 18/21 MP: 3/5
   794 | D:1      | Reached XP level 3. HP: 25/26 MP: 4/6
   863 | D:1      | Reached skill level 4 in Unarmed Combat
  1525 | D:2      | Noticed Sigmund
  1578 | D:3      | Reached XP level 4. HP: 17/33 MP: 6/8
  1802 | D:3      | Learned a level 4 spell: Ice Form
  1915 | D:3      | Found a hazy altar of Hepliaklqana.
  1915 | D:3      | Noticed a phantom
  1922 | D:3      | Noticed Grinder
  1951 | D:3      | Paralysed by Grinder for 4 turns
  1952 | D:3      | Slain by Grinder

Vault maps used:
D:1:      minmay_arrival_wavy_path, minmay_hexomino_p4
D:2:      uniq_robin, uniq_sigmund
D:3:      old_standard_altar, first_bread, uniq_grinder, uniq_jessica

Skill      XL: |  1  2  3  4 |
---------------+-------------+-----
Unarmed Combat | 4 |  4.0
Spellcasting   | 3 |  3.0
Fighting       | 2 |  2.0
Dodging        | |  2.8
Transmutations | |  2.9

Action                   |  1- 3 |  4- 6 || total
-------------------------+-------+-------++-------
Melee: Unarmed           |    72 |    43 ||   115
       Kick              |     4 |     5 ||     9
       Headbutt          |     5 |       ||     5
       Punch             |     3 |       ||     3
 Cast: Beastly Appendage |    20 |     6 ||    26
 Abil: Hop               |     1 |       ||     1
  Use: Scroll            |       |     5 ||     5
       Potion            |       |     3 ||     3
  Eat: Bread ration      |     1 |       ||     1
       Chunk             |     1 |       ||     1
Armor: Robe              |    15 |     1 ||    16
       Skin              |       |    10 ||    10
Dodge: Dodged            |    60 |    21 ||    81

Table legend:
 A = Spawn XP
 B = Non-spawn XP
 C = Spawn XP percentage of total XP
 D = Spawn monster count
 E = Non-spawn monster count
 F = Spawn count percentage of total count
 G = Total turns spent on level
                    A         B        C        D         E        F      G
               +---------+---------+-------+---------+---------+-------+---------
         Total |       0 |     122 |   0.0 |       0 |      41 |   0.0 |  1952
               +---------+---------+-------+---------+---------+-------+---------
           D:1 |       0 |      41 |   0.0 |       0 |      19 |   0.0 |  1037
           D:2 |       0 |      35 |   0.0 |       0 |       6 |   0.0 |   528
           D:3 |       0 |      46 |   0.0 |       0 |      16 |   0.0 |   387
               +---------+---------+-------+---------+---------+-------+---------
